 Dungeon Crawl Stone Soup version 0.28.0-49-g6dfe1f597d (webtiles) character file.

Game seed: 6189414493940755115

53 klau3 the Chopper (level 3, 0/33 HPs)
             Began as a Minotaur Berserker on May 15, 2022.
             Was a Believer of Trog.
             Slain by a worm (10 damage)
             ... on level 3 of the Dungeon.
             The game lasted 00:01:56 (1809 turns).

klau3 the Chopper (Minotaur Berserker)              Turns: 1809, Time: 00:01:57

Health: 0/33       AC:  2    Str: 23    XL:     3   Next: 64%
Magic:  2/2        EV: 12    Int:  4    God:    Trog [**....]
Gold:   51         SH:  0    Dex:  9    Spells: 2/2 levels left

rFire   . . .      SeeInvis .   a - +0 hand axe
rCold   . . .      Faith    .   (no shield)
rNeg    . . .      Spirit   .   b - +0 animal skin
rPois   .          Reflect  .   (helmet restricted)
rElec   .          Harm     .   (no cloak)
rCorr   .          Rampage  .   (no gloves)
Will    .....                   (no boots)
Stlth   +.........              (no amulet)
HPRegen 0.11/turn               (no ring)
MPRegen 0.08/turn               (no ring)

@: on berserk cooldown, slowed, very slow
A: horns 2, retaliatory headbutt
a: Renounce Religion, Berserk, Trog's Hand


You were on level 3 of the Dungeon.
You worshipped Trog.
Trog was pleased with you.
You visited 1 branch of the dungeon, and saw 3 of its levels.

You collected 51 gold pieces.

Inventory:

Hand Weapons
 a - a +0 hand axe (weapon)
Missiles
 f - 3 poisoned darts (quivered)
Armour
 b - a +0 animal skin (worn)
Scrolls
 e - 2 scrolls of identify {unknown}
 g - a scroll of amnesia {unknown}
 j - a scroll of teleportation {unknown}
 k - a scroll of enchant weapon {unknown}
 m - a scroll of fog {unknown}
Potions
 c - 4 potions of heal wounds {unknown}
 d - a potion of might {unknown}
 h - a potion of brilliance {unknown}
 i - a potion of invisibility {unknown}
 l - 2 potions of curing {unknown}


   Skills:
 + Level 4.2 Fighting
 + Level 4.8 Axes
 + Level 2.7 Armour
 + Level 2.5 Dodging


You had 2 spell levels left.
You didn't know any spells.
Your spell library was empty.

Dungeon Overview and Level Annotations

Branches:
Dungeon (3/15)

Altars:

Shops:
D:2 (


Innate Abilities, Weirdness & Mutations

You have a pair of horns on your head.
You reflexively headbutt those who attack you in melee.


Message History

The orc hits you with a +0 whip. The orc hits you with a +0 club.
The orc closely misses you. You furiously retaliate!
You headbutt the orc!!
You kill the orc!
Trog accepts your kill. The bat misses you. The orc hits you with a +0 dagger.
The orc barely misses you. You furiously retaliate!
You headbutt the orc!
You kill the orc!
Trog accepts your kill. The orc hits you with a +0 whip.
Things that are here:
a +0 dagger; a +0 leather armour; an orc corpse You hit the orc.
You kill the orc!
Trog accepts your kill.
You closely miss the bat. You slash the orc!
You kill the orc!
Trog accepts your kill.
You can now call upon Trog for regeneration and willpower.
The bat barely misses you. The bat completely misses you.
The bat closely misses you. You furiously retaliate!
You headbutt the bat!
You kill the bat!
Trog accepts your kill.
You feel a strong urge to attack something.
Things that are here:
a +0 dagger; a +0 leather armour You are no longer berserk.
You are exhausted.
You feel yourself slow down. The worm bites you!
You see here a scroll labelled SEJU GOOTACE.
e - 2 scrolls labelled SEJU GOOTACE (gained 1)
A worm is nearby!
A worm is nearby!
You barely miss the worm. The worm bites you.
You hit the worm.
The worm is lightly wounded.
The worm bites you.
You slash the worm!
The worm is heavily wounded.
The worm bites you!
You die...

... ......
#..#.....
##.......
##.......##
##.........#
#..........#
#..........#
#.....@.)..# #
#.....w....#
..#.#.......##
.............####
..##....)).......
.........)...###
..##....†)...#
#.............
##.......#####


You could see a worm.

Vanquished Creatures
  An adder (D:2)
  4 orcs (D:3)
  3 bats
  6 endoplasms (D:1)
  2 giant cockroaches (D:1)
  2 goblins (D:1)
  A hobgoblin (D:1)
  3 jackals (D:1)
  4 kobolds (D:1)
  4 quokkas (D:1)
  2 ball pythons
  2 rats (D:2)
34 creatures vanquished.

Notes
Turn   | Place    | Note
-------+----------+-------------------------------------------
     0 | D:1      | klau3 the Minotaur Berserker began the quest for the Orb.
     0 | D:1      | Reached XP level 1. HP: 19/19 MP: 0/0
   210 | D:1      | Reached XP level 2. HP: 21/27 MP: 1/1
  1120 | D:1      | Reached XP level 3. HP: 26/33 MP: 2/2
  1429 | D:2      | Found Kuppiow's Antique Weapon Shoppe.
  1706 | D:2      | Reached ** piety under Trog
  1809 | D:3      | Slain by a worm

Illustrated notes

Levels and vault maps discovered:
D:1:      minmay_arrival_stair_chambers, layout_basic
D:2:      layout_basic, serial_shops, shop_statue
D:3:      layout_rooms, mainiacjoe_overflow_alcove_4,
          shapermc_ecumenical_altar_mp_ritualfount

Skill      XL: |  1  2 |
---------------+-------+-----
Fighting       | 4 |  4.2
Axes           | 4 |  4.8
Armour         | |  2.7
Dodging        | |  2.5

Action                   || total
-------------------------++-------
Melee: Hand axe          ||    57
       Headbutt          ||     4
Invok: Berserk           ||     2
Armor: Animal skin       ||    14
Dodge: Dodged            ||    54
